 Dungeon Crawl Stone Soup version 0.31.0-12-g77e489cdc1 (webtiles) character file.

Game seed: 1516208867167830818

70 Ekaitz the Chiller (level 4, -3/32 HPs)
             Began as a Demonspawn Ice Elementalist on Feb 14, 2024.
             Slain by Sigmund
             ... wielding a +0 scythe
              (7 damage)
             ... on level 2 of the Dungeon.
             The game lasted 00:02:37 (1233 turns).

Ekaitz the Chiller (Demonspawn Ice Elementalist)    Turns: 1233, Time: 00:02:38

Health: -3/32      AC:  3    Str:  9    XL:     4   Next: 3%
Magic:  0/7        EV: 12    Int: 17    God:
Gold:   50         SH:  0    Dex: 13    Spells: 3/7 levels left

rFire   . . .        c - +0 mace
rCold   . . .        (no shield)
rNeg    . . .        a - +0 robe
rPois   .            (no helmet)
rElec   .            (no cloak)
rCorr   .            (no gloves)
SInv    .            f - +0 pair of boots
Will    .....        (no amulet)
Stlth   ++           (no ring)
HPRegen 0.25/turn    (no ring)
MPRegen 0.10/turn

%: no passive effects
@: no status effects
A: weakness stinger 1
a: no special abilities


You were on level 2 of the Dungeon.
You visited 1 branch of the dungeon, and saw 2 of its levels.

You collected 50 gold pieces.

Inventory:

Hand Weapons
 c - a +0 mace (weapon)
Armour
 a - a +0 robe (worn)
 f - a +0 pair of boots (worn)
 h - a +3 scale mail
Scrolls
 d - 3 scrolls of identify {unknown}
 e - a scroll of teleportation {unknown}
 g - a scroll of blinking {unknown}
Potions
 b - a potion of magic


   Skills:
 * Level 1.0 Fighting
 + Level 1.8 Dodging
 + Level 1.8 Stealth
 + Level 2.4 Spellcasting
 * Level 0.7 Summonings
 * Level 4.5 Ice Magic


You had 3 spell levels left.
You knew the following spells:

 Your Spells              Type           Power      Damage    Failure   Level
a - Freeze                Ice            68%        1d8       3%          1
b - Frozen Ramparts       Ice            34%        1d6       9%          3

Your spell library contained the following spells:

 Spells                   Type           Power      Damage    Failure   Level
 Ozocubu's Armour         Ice            17%        N/A       9%          3
 Summon Ice Beast         Ice/Summ       11%        N/A       19%         3


Dungeon Overview and Level Annotations

Branches:
Dungeon (2/15)

Altars:

Annotations:
D:2 Sigmund


Innate Abilities, Weirdness & Mutations

You have a small tail.


Message History

Casting: Frozen Ramparts (quite dangerous; 9% risk of failure)
Confirm with . or Enter, or press ? or * to list all spells.
Casting: Frozen Ramparts (quite dangerous; 9% risk of failure)
Press: ? - help, Dir - look around, f - activate The walls around you are covered in ice.
The wall freezes something but does no damage.
Something hits you!
Casting: Frozen Ramparts (quite dangerous; 9% risk of failure)
Confirm with . or Enter, or press ? or * to list all spells.
Aiming: Freeze (safe; 3% risk of failure)
Press: ? - help, Shift-Dir - straight line You freeze something.
You closely miss something.
The wall freezes something.
You hear some strange, mumbled words.
You are confused.
Unknown command.
It was a potion of cancellation.
Your magical effects are unravelling.
You feel magically purged.
Your magical contamination has completely faded away.
The frozen ramparts melt away.
You feel less confused. Something hits you but does no damage.
Unknown command.
Unknown command.
You hit something but do no damage. Something hits you.
You miss something. Something hits you.
You closely miss something. Something hits you.
You aren't carrying any items that you can evoke.
Unknown command.
You miss something. Your punch misses something. Something hits you.
* * * LOW HITPOINT WARNING * * *
You have nothing you can fire or use right now.
Unknown command.
Casting: Freeze (safe; 3% risk of failure)
Confirm with . or Enter, or press ? or * to list all spells.
Aiming: Freeze (safe; 3% risk of failure)
Press: ? - help, Shift-Dir - straight line You freeze something.
Something hits you!
You die...

######.#
#.# #.#
#.# #.#
#.# #.#
########.#
...>..{@.#
##########


There were no monsters in sight!

Vanquished Creatures
  Terence (D:2)
  An adder (D:2)
  A dart slug (D:1)
  A ribbon worm (D:2)
  5 ball pythons (D:1)
  3 endoplasms (D:1)
  A giant cockroach (D:1)
  4 goblins (D:1)
  3 hobgoblins
  2 jackals (D:1)
  A quokka (D:1)
  4 bats (D:1)
  A frilled lizard (D:1)
  A kobold (D:1)
  A rat (D:1)
30 creatures vanquished.

Notes
Turn   | Place    | Note
-------+----------+-------------------------------------------
     0 | D:1      | Ekaitz the Demonspawn Ice Elementalist began the quest for
                  | the Orb.
     0 | D:1      | Reached XP level 1. HP: 13/13 MP: 3/3
   316 | D:1      | Reached skill level 4 in Ice Magic
   316 | D:1      | Gained mutation: You have a small tail. [demonic ancestry]
   316 | D:1      | Reached XP level 2. HP: 3/19 MP: 0/5
   820 | D:1      | Reached XP level 3. HP: 25/25 MP: 6/6
   824 | D:1      | Learned a level 3 spell: Frozen Ramparts
   950 | D:2      | Noticed Sigmund
   971 | D:2      | Noticed Terence
   983 | D:2      | Killed Terence
  1070 | D:2      | Reached skill level 1 in Fighting
  1162 | D:2      | Reached XP level 4. HP: 25/32 MP: 2/7
  1233 | D:2      | Slain by Sigmund

Illustrated notes

Levels and vault maps discovered:
D:1:      minmay_arrival_loop, layout_basic, amcnicky_mini_corridor_feature
D:2:      layout_loops_ring, serial_shops, shop,
          dreamdust_ecumenical_altar_drowned_temple, uniq_terence, uniq_sigmund,
          uniq_jessica

Skill      XL: |  1  2  3 |
---------------+----------+-----
Ice Magic      | 4 |  4.5
Fighting       | 1 |  1.0
Dodging        | |  1.8
Stealth        | |  1.8
Spellcasting   | |  2.4
Summonings     | |  0.7

Action                     |  1- 3 |  4- 6 || total
---------------------------+-------+-------++-------
  Melee: Mace              |     9 |     6 ||    15
         Tailslap          |     1 |     1 ||     2
   Cast: Freeze            |    46 |     2 ||    48
         Frozen Ramparts   |     1 |     1 ||     2
    Use: Potion            |       |     1 ||     1
   Stab: Sleeping          |     1 |       ||     1
 Armour: Robe              |    20 |     8 ||    28
  Dodge: Dodged            |    23 |       ||    23
